 Dungeon Crawl Stone Soup version 0.26.1-11-gd32895ea62 (webtiles) character file.

Game seed: 15212766803127300086

7318 blisterpack the Cleaver (level 10, -9/139 HPs)
             Began as a Minotaur Berserker on Apr 16, 2021.
             Was a High Priest of Trog.
             Mangled by an orc warrior
             ... wielding a +0 trident
              (21 damage)
             ... in a bailey.
             The game lasted 00:45:55 (11002 turns).

blisterpack the Cleaver (Minotaur Berserker)       Turns: 11002, Time: 00:45:56

Health: -9/139     AC: 13    Str: 25    XL:     10   Next: 90%
Magic:  0/9        EV: 16    Int:  4    God:    Trog [*****.]
Gold:   704        SH:  0    Dex: 16    Spells: 9/9 levels left

rFire    + . .     SeeInvis .   d - +1 executioner's axe (vorpal)
rCold    . . .     Faith    .   (shield currently unavailable)
rNeg     . . .     Spirit   +   j - +0 scale mail
rPois    .         Reflect  .   l - +2 hat
rElec    .         Harm     .   H - +0 cloak
rCorr    .         Rampage  .   B - +0 pair of gloves
Will     .....                  (no boots)
Stlth    ..........             D - amulet of guardian spirit
HPRegen  0.33/turn              g - ring of protection from fire
MPRegen  0.11/turn              U - +6 ring of dexterity

@: berserking, very quick
A: retaliatory headbutt, horns 2
a: Renounce Religion, Berserk, Trog's Hand, Brothers in Arms


You were in a bailey.
You worshipped Trog.
Trog was extremely pleased with you.
You visited 1 branch of the dungeon, and saw 10 of its levels.
You also visited: Bailey.

You collected 704 gold pieces.

Inventory:

Hand Weapons
 b - a +2 war axe
 d - a +1 vorpal executioner's axe (weapon)
 K - a +2 mace
 Y - a +2 hand axe of electrocution
Missiles
 Q - 7 silver boomerangs
 R - 8 curare-tipped darts
Armour
 a - a +0 ring mail of fire resistance
 j - a +0 scale mail (worn)
 l - a +2 hat (worn)
 u - a cursed +0 crystal plate armour
 v - a +1 plate armour
 x - a +2 chain mail of cold resistance
 B - a +0 pair of gloves (worn)
 H - a +0 cloak (worn)
Jewellery
 g - a ring of protection from fire (left hand)
 h - an uncursed ring of flight
 k - an uncursed amulet of regeneration
 p - an uncursed ring of fire
 D - an amulet of guardian spirit (around neck)
 U - a +6 ring of dexterity (right hand)
Wands
 I - a wand of iceblast (12)
Scrolls
 c - 3 scrolls of teleportation
 e - a scroll of enchant weapon
 f - 2 scrolls of fog
 m - 4 scrolls of enchant armour
 n - a scroll of fear {unknown}
 o - 3 scrolls of amnesia {unknown}
 t - 5 scrolls of remove curse
 w - a scroll of random uselessness {unknown}
 z - 3 scrolls of blinking {unknown}
 P - 8 scrolls of noise {unknown}
 V - a scroll of immolation {unknown}
 X - 2 scrolls of magic mapping {unknown}
Potions
 i - 2 potions of lignification
 q - a potion of ambrosia {unknown}
 r - 3 potions of haste {unknown}
 s - 2 potions of mutation {unknown}
 A - 3 potions of heal wounds {unknown}
 F - a potion of might
 J - a potion of invisibility {unknown}
 L - a potion of brilliance {unknown}
 N - 9 potions of curing
 O - 2 potions of degeneration {unknown}


   Skills:
 + Level 10.0 Fighting
 * Level 12.4 Axes
 + Level 9.5 Armour
 + Level 8.7 Dodging


You had 9 spell levels left.
You didn't know any spells.
Your spell library contained the following spells:

 Spells                   Type           Power        Failure   Level
 Corona                   Hex            0%           75%         1
 Ensorcelled Hibernation  Hex/Ice        0%           87%         2
 Confusing Touch          Hex            0%           98%         3
 Dazzling Flash           Conj/Hex       0%           98%         3
 Tukima's Dance           Hex            0%           98%         3


Dungeon Overview and Level Annotations

Branches:
Dungeon (10/15)            Temple (0/1) D:7          Bailey (1/1)
   Lair: D:8-11         Orc: D:9-12

Altars:
Cheibriados
Dithmenos
Ru
Vehumet

Shops:
D:6 [   D:7 :   D:9 *[

Annotations:
D:4 exclusion: statue
D:7 exclusion: oklob sapling


Innate Abilities, Weirdness & Mutations

You reflexively headbutt those who attack you in melee.
You have a pair of horns on your head.


Message History

The orc warrior hits you from afar with a +0 glaive!!
* * * LOW HITPOINT WARNING * * *
The orc knight hits you but does no damage.
You slash the orc knight!
The orc knight is heavily wounded.
The orc warrior barely misses you.
You slice the orc knight!! You headbutt the orc knight.
You kill the orc knight!
Trog accepts your kill. The orc warrior misses you.
Your Fighting skill increases to level 10!
You barely miss the orc warrior. You headbutt the orc warrior!
The orc warrior is moderately wounded.
The orc warrior hits you with a +0 trident!!
* * * LOW HITPOINT WARNING * * *
You closely miss the orc warrior.
The orc warrior is moderately wounded.
The orc warrior closely misses you.
The orc warrior hits you with a +0 trident!!
You die...

.............##..#'#'#..##.......
............(#..##)#)##..#....(..
............##.#########.##......
..........).##.')#?.)#)'.##.(...(
...........(##.###.8.###.##......
............##.'[#.o.#)'.##......
............##.####o####.##......
............(#..##o.∩##..##.(....
.............##.@#'''##...(......
....(()(((...(##.oo..##(.........
...(..≈≈≈≈≈(...##....##(..((≈≈≈≈≈
.....≈≈#.#)≈.(..#######....≈(#(#≈
.....≈##.∩#≈.........(.((..≈#∩)##
.....≈..^..≈...............≈..^..
.....≈##.##≈............)..≈##.##
.....≈≈#.#≈≈...............≈≈#.#
......≈≈≈≈≈.................≈≈≈≈


You could see 2 orc warriors.

Vanquished Creatures
  The ghost of OhItsWolfy the Blocker, a novice GnFi of Okawaru (D:7)
  An orc knight (Bailey)
  Maggie (D:8)
  A troll (D:10)
  A wraith (D:9)
  A wyvern (D:9)
  Grum (D:9)
  A water moccasin (D:7)
  A sky beast (D:9)
  4 ice beasts
  16 orc warriors
  A phantom (D:5)
  An ogre (D:8)
  4 wolves (D:9)
  3 centaurs
  7 bullfrogs
  A scorpion (D:6)
  3 electric eels (D:10)
  9 wights
  2 howler monkeys
  A jelly (D:7)
  A bullfrog zombie (D:7)
  A quasit (D:10)
  2 hounds
  18 orc wizards
  10 orc priests
  Crazy Yiuf (D:4)
  Natasha (D:2)
  3 iguanas
  4 worker ants
  A killer bee zombie (D:8)
  A hound skeleton (D:4)
  A worker ant zombie (D:5)
  7 adders
  7 gnolls
  A shadow imp (D:6)
  2 white imps
  An ufetubus (D:9)
  An adder zombie (D:8)
  4 worms
  3 dart slugs
  3 leopard geckos
  57 orcs
  8 bats
  4 giant cockroaches
  7 hobgoblins
  6 jackals (D:2)
  3 quokkas
  6 frilled lizards
  9 goblins
  4 kobolds
  2 leopard gecko skeletons (D:4)
  6 rats
246 creatures vanquished.

Vanquished Creatures (others)
  An orc wizard (D:8)
  2 plants (D:7)
3 creatures vanquished.

Grand Total: 249 creatures vanquished

Notes
Turn   | Place    | Note
-------+----------+-------------------------------------------
     0 | D:1      | blisterpack the Minotaur Berserker began the quest for the
                  | Orb.
     0 | D:1      | Reached XP level 1. HP: 19/19 MP: 0/0
    93 | D:1      | Reached XP level 2. HP: 18/27 MP: 1/1
   463 | D:1      | Reached skill level 4 in Axes
   854 | D:1      | Reached ** piety under Trog
   926 | D:2      | Reached XP level 3. HP: 32/33 MP: 2/2
  1211 | D:2      | Reached XP level 4. HP: 30/40 MP: 3/3
  2036 | D:2      | Noticed Natasha
  2049 | D:2      | Killed Natasha
  2175 | D:2      | Reached XP level 5. HP: 42/47 MP: 4/4
  2549 | D:3      | Reached *** piety under Trog
  2752 | D:3      | Reached skill level 5 in Fighting
  2752 | D:3      | Reached skill level 5 in Axes
  3536 | D:4      | Reached XP level 6. HP: 43/56 MP: 5/5
  3610 | D:4      | Found a radiant altar of Vehumet.
  3829 | D:4      | Found a runed translucent door.
  3830 | D:4      | Noticed Crazy Yiuf
  3835 | D:4      | Killed Crazy Yiuf
  4184 | D:4      | Reached skill level 5 in Armour
  4184 | D:4      | Reached XP level 7. HP: 62/62 MP: 6/6
  4404 | D:5      | Entered Level 5 of the Dungeon
  4523 | D:5      | Reached skill level 6 in Axes
  5349 | D:5      | Reached skill level 5 in Dodging
  5580 | D:6      | Reached **** piety under Trog
  5582 | D:6      | Reached skill level 7 in Axes
  5582 | D:6      | Reached XP level 8. HP: 53/71 MP: 7/7
  5999 | D:6      | Found Ittomez's Armour Emporium.
  6476 | D:6      | Reached skill level 8 in Axes
  6721 | D:7      | Found a sacrificial altar of Ru.
  6753 | D:7      | Found a staircase to the Ecumenical Temple.
  6831 | D:7      | Found a runed translucent door.
  6831 | D:7      | Noticed OhItsWolfy's ghost (novice GnFi)
  6852 | D:7      | Killed OhItsWolfy's ghost
  6853 | D:7      | Reached skill level 9 in Axes
  6853 | D:7      | Reached XP level 9. HP: 43/81 MP: 8/8
  7563 | D:7      | Reached skill level 10 in Axes
  7590 | D:7      | Found Nilack's Book Boutique.
  7734 | D:8      | Noticed Maggie
  7748 | D:8      | Killed Maggie
  8551 | D:8      | Found a shadowy altar of Dithmenos.
  8650 | D:8      | Reached XP level 10. HP: 84/90 MP: 9/9
  8652 | D:8      | Reached ***** piety under Trog
  8858 | D:9      | Reached skill level 11 in Axes
  9298 | D:9      | Found Fotuix's Antique Armour Shop.
  9441 | D:9      | Noticed Grum
  9457 | D:9      | Killed Grum
  9674 | D:9      | Found a snail-covered altar of Cheibriados.
  9728 | D:9      | Found Zuitreisu's General Store.
 10034 | D:10     | Entered Level 10 of the Dungeon
 10186 | D:10     | Found a flagged portal.
 10207 | Bailey   | Entered a bailey
 10258 | Bailey   | Reached skill level 12 in Axes
 10555 | Bailey   | Received a gift from Trog
 10984 | Bailey   | Noticed an orc knight
 11000 | Bailey   | Killed an orc knight
 11001 | Bailey   | Reached skill level 10 in Fighting
 11002 | Bailey   | Mangled by an orc warrior

Illustrated notes

Levels and vault maps discovered:
D:1:      minmay_arrival_cross, layout_basic
D:2:      layout_basic, grunt_decor_resistance, uniq_natasha
D:3:      layout_loops_corners, due_unseen_surprise
D:4:      layout_loops_cross, vehumet_statue, uniq_crazy_yiuf_cottage
D:5:      layout_loops_corners, solitary_fountain, kennysheep_dice
D:6:      layout_rooms, serial_shops, nicolae_shop_crystal
D:7:      layout_loops_ring, nicolae_overflow_hidden_temple,
          minmay_temple_entry_oklob, serial_shops, kennysheep_mini_moat,
          hellmonk_ghost_happy_afterlife
D:8:      layout_basic, lemuel_coloured_pillars_altar, uniq_maggie
D:9:      layout_loops_cross, marbit_many_paths, serial_shops,
          nicolae_shop_statue_plus, nicolae_shop_overgrown_old_shop,
          st_stairs_8, nrook_campfire, uniq_grum
D:10:     layout_layer_cave, erik_orc_2, enter_bailey_3
Bailey:   bailey_polearm_2, bailey

Skill      XL: |  1  2  3  4  5  6  7  8  9 10 |
---------------+-------------------------------+-----
Axes           | 4 5 7 9 10 12 | 12.4
Fighting       | 4 5 6 7 8 10 | 10.0
Armour         | 3 4 5 7 8 9 |  9.5
Dodging        | 3 4 5 6 7 8 |  8.7

Action                   |  1- 3 |  4- 6 |  7- 9 | 10-12 || total
-------------------------+-------+-------+-------+-------++-------
Melee: Hand axe          |    91 |   120 |   281 |   141 ||   633
       Headbutt          |    11 |    32 |    49 |    41 ||   133
       Executioner's axe |       |       |       |    33 ||    33
Invok: Berserk           |     2 |     2 |     5 |     3 ||    12
       Trog's Hand       |       |       |     2 |     2 ||     4
  Use: Scroll            |       |     2 |     2 |     9 ||    13
Armor: Animal skin       |     5 |       |       |       ||     5
       Scale mail        |    33 |    45 |   101 |    42 ||   221
       Leather armour    |     4 |       |       |       ||     4
Dodge: Dodged            |    61 |    50 |   142 |   177 ||   430
